 Dungeon Crawl Stone Soup version 0.29-a0-103-g37f86683bf (webtiles) character file.

Game seed: 4270894396785992735

2594 drugrobin the Spear-Bearer (level 9, -2/78 HPs)
             Began as a Demigod Warper on Feb 15, 2022.
             Slain by a yak (11 damage)
             ... on level 9 of the Dungeon.
             The game lasted 00:30:49 (12609 turns).

drugrobin the Spear-Bearer (Demigod Warper)        Turns: 12609, Time: 00:30:50

Health: -2/78      AC:  8    Str: 24    XL:     9   Next: 11%
Magic:  12/14      EV: 12    Int: 21    God:
Gold:   104        SH:  5    Dex: 19    Spells: 6/11 levels left

rFire   . . .      SeeInvis .   c - +0 dagger (venom)
rCold   . . .      Faith    .   (no shield)
rNeg    . . .      Spirit   .   s - +0 scale mail
rPois   .          Reflect  +   D - +0 helmet
rElec   .          Harm     .   (no cloak)
rCorr   .          Rampage  .   (no gloves)
Will    .....                   z - +0 pair of boots
Stlth   ..........              N - amulet of reflection
HPRegen 0.23/turn               h - +6 ring of dexterity
MPRegen 0.14/turn               w - +6 ring of intelligence

@: weak-willed, on blink cooldown
A: high MP 1, forlorn, divine attributes
a: no special abilities


You were on level 9 of the Dungeon.
You visited 1 branch of the dungeon, and saw 9 of its levels.

You collected 296 gold pieces.
You spent 192 gold pieces at shops.

Inventory:

Hand Weapons
 a - a +0 trident
 b - a +0 shortbow
 c - a +0 dagger of venom (weapon)
 C - a +0 halberd
 L - the +5 spear of the Mind {speed, *Slow rPois rC+ Dex+2}
   (You bought it in a shop on level 1 of the Dungeon)

   Attacks with this weapon are significantly faster.
   Dex:       It affects your dexterity (+2).
   rC:        It protects you from cold.
   rPois:     It protects you from poison.
   *Slow:     It may slow you when you take damage.
Missiles
 d - 3 boomerangs of dispersal
 o - 6 boomerangs (quivered)
 t - 65 arrows
 y - 264 stones
 H - 2 javelins
Armour
 i - a +0 ring mail
 s - a +0 scale mail (worn)
 x - a +0 leather armour
 z - a +0 pair of boots (worn)
 D - a +0 helmet (worn)
Magical Staves
 l - a staff of cold
 M - a staff of fire
Jewellery
 h - a +6 ring of dexterity (left hand)
 w - a +6 ring of intelligence (right hand)
 K - a ring of ice
 N - an amulet of reflection (around neck)
 R - a ring of see invisible
Wands
 u - a wand of paralysis (2)
 A - a wand of flame (49)
Scrolls
 e - 3 scrolls of vulnerability
 g - 2 scrolls of immolation {unknown}
 j - a scroll of teleportation {unknown}
 k - 3 scrolls of fear {unknown}
 n - 3 scrolls of enchant weapon {unknown}
 p - 2 scrolls of identify {unknown}
 q - a scroll of amnesia {unknown}
 r - 3 scrolls of blinking
 E - a scroll of holy word {unknown}
 F - 2 scrolls of fog {unknown}
 I - a scroll of summoning {unknown}
 O - a scroll of noise {unknown}
 P - a scroll of brand weapon {unknown}
Potions
 f - 2 potions of curing
 m - a potion of attraction {unknown}
 v - a potion of degeneration {unknown}
 B - 2 potions of might {unknown}
 G - 4 potions of lignification {unknown}
 J - 2 potions of haste
 Q - a potion of flight {unknown}


   Skills:
 + Level 6.9 Fighting
 * Level 9.2 Polearms
 - Level 0.8 Throwing
 - Level 0.8 Armour
 + Level 3.7 Dodging
 - Level 1.7 Spellcasting
 - Level 2.6 Translocations


You had 6 spell levels left.
You knew the following spells:

 Your Spells              Type           Power      Damage    Failure   Level
a - Blink                 Tloc           26%        N/A       19%         2
b - Teleport Other        Tloc           13%        N/A       36%         3

Your spell library contained the following spells:

 Spells                   Type           Power      Damage    Failure   Level
 Foxfire                  Conj/Fire      4%         2x1d4     36%         1
 Gell's Gravitas          Tloc           13%        N/A       36%         3
 Lesser Beckoning         Tloc           13%        N/A       36%         3
 Corpse Rot               Necr/Air       2%         N/A       50%         2
 Poisonous Vapours        Pois/Air       2%         N/A       50%         2
 Scorch                   Fire           2%         2d5       50%         2
 Static Discharge         Conj/Air       1%         N/A       50%         2
 Conjure Flame            Conj/Fire      1%         6-21      75%         3
 Inner Flame              Hex/Fire       1%         N/A       75%         3
 Flame Wave               Conj/Fire      1%         2d4       98%         4
 Olgreb's Toxic Radiance  Pois           1%         N/A       98%         4
 Manifold Assault         Tloc           13%        N/A       98%         5
 Lightning Bolt           Conj/Air       0%         1d11      100%        5
 Summon Cactus Giant      Summ           0%         N/A       100%        6
 Ozocubu's Refrigeration  Ice            0%         4d5       100%        7
 Ignition                 Fire           0%         3d3       100%        8
 Maxwell's Capacitive Co  Air            0%         ∞         100%        8


Dungeon Overview and Level Annotations

Branches:
Dungeon (9/15)             Temple (0/1) D:5
   Lair: D:8-11         Orc: D:9-12

Shops:
D:1 (

Annotations:
D:5 3 runed translucent doors, lordive's ghost, novice TrHu


Innate Abilities, Weirdness & Mutations

You have an increased reservoir of magic. (+10% MP)
You shall have no god before yourself.
Your divine heritage dramatically boosts your attributes as you level up.


Message History

Unknown command.
Unknown command.
Unknown command.
Okay, then.
Unknown command.
It was a potion of curing.
You feel better.
The orc wizard hits you with a +0 dagger.
* * * LOW HITPOINT WARNING * * *
Aiming: Paralyse
Press: ? - help, Shift-Dir - straight line, f - orc wizard
Aim: an orc wizard, wielding a +0 dagger and wearing a +0 robe (chance to affect: 49%)
The orc wizard suddenly stops moving!
The helpless orc wizard fails to defend itself.
You hit the orc wizard.
The orc wizard is moderately wounded.
The helpless orc wizard fails to defend itself.
You hit the orc wizard.
The orc wizard is heavily wounded.
The helpless orc wizard fails to defend itself.
You hit the orc wizard.
The orc wizard is heavily wounded.
As you open the door, it creaks loudly!
You hear an angry hiss.
The yak gores you.
* * * LOW HITPOINT WARNING * * *
The yak gores you!
* * * LOW HITPOINT WARNING * * *
Unknown command.
A steam dragon comes into view.
There is an open door here.
A centaur zombie comes into view.
You feel better.
Casting: Blink (safe; 19% risk of failure)
Confirm with . or Enter, or press ? or * to list all spells.
You blink.
Unknown command.
Okay, then.
As you read the scroll labelled KUIFIUNKEA, it crumbles to dust.
Magic quickly surges around you.
It was a scroll of vulnerability.
The yak gores you!
You die...

###+#####
#........ .
#........ ..
#........
..####
#........
.D.#
#........
#.###.o......
#@YY#<.......
###.YY.......
###.!......
####+####


You could see 4 yaks and a steam dragon.

Vanquished Creatures
  A water moccasin (D:5)
  A hornet zombie (D:6)
  An orc warrior (D:8)
  An ice beast (D:6)
  5 necrophages (D:6)
  A sky beast (D:7)
  A centaur (D:5)
  2 bullfrogs
  4 scorpions
  A wyvern zombie (D:8)
  A water moccasin zombie (D:6)
  A water moccasin skeleton (D:7)
  2 wights (D:6)
  A centaur zombie (D:6)
  A bullfrog zombie (D:6)
  5 hounds
  2 jellies (D:5)
  A human zombie (D:6)
  2 orc priests
  2 gnoll shamans
  A centaur skeleton (D:6)
  5 iguanas
  Terence (D:3)
  3 orc wizards
  A hound skeleton (D:5)
  2 mummies (D:6)
  11 adders
  11 gnolls
  A howler monkey skeleton (D:6)
  A shadow imp (D:6)
  A worm (D:2)
  2 dart slugs
  12 orcs
  9 endoplasms
  5 giant cockroaches
  4 goblins
  5 hobgoblins
  6 quokkas
  8 ball pythons
  4 bats
  5 frilled lizards
  9 kobolds
  8 rats
151 creatures vanquished.

Vanquished Creatures (others)
  2 fungi (D:5)
  9 plants
11 creatures vanquished.

Grand Total: 162 creatures vanquished

Notes
Turn   | Place    | Note
-------+----------+-------------------------------------------
     0 | D:1      | drugrobin the Demigod Warper began the quest for the Orb.
     0 | D:1      | Reached XP level 1. HP: 17/17 MP: 5/5
    13 | D:1      | Found Zaunusm's Antique Weapon Emporium.
    49 | D:1      | Reached skill level 2 in Polearms
   711 | D:1      | Reached XP level 2. HP: 24/24 MP: 7/7
   714 | D:1      | Learned a level 2 spell: Blink
  1298 | D:2      | Reached skill level 3 in Polearms
  1333 | D:2      | Reached XP level 3. HP: 17/29 MP: 8/8
  2660 | D:3      | Learned a level 3 spell: Teleport Other
  2752 | D:3      | HP: 1/29 [orc priest/divine providence (9)]
  2760 | D:3      | Reached skill level 4 in Polearms
  2760 | D:3      | Reached XP level 4. HP: 2/37 MP: 9/9
  3261 | D:3      | Noticed Terence
  3294 | D:3      | Killed Terence
  3440 | D:3      | Noticed an ogre
  4087 | D:4      | Reached XP level 5. HP: 26/44 MP: 10/10
  5466 | D:5      | Entered Level 5 of the Dungeon
  5719 | D:5      | Reached skill level 5 in Polearms
  5734 | D:5      | Noticed a water moccasin
  5743 | D:5      | Killed a water moccasin
  5744 | D:5      | Reached XP level 6. HP: 52/52 MP: 11/11
  6026 | D:5      | Noticed a +0 falchion
  6026 | D:5      | Noticed a +0 spear
  6027 | D:5      | Noticed a +0 short sword
  6028 | D:5      | Noticed a +0 dagger
  6028 | D:5      | Noticed a +0 spear
  6028 | D:5      | Noticed a +0 dagger
  6029 | D:5      | Noticed a +0 short sword
  6029 | D:5      | Noticed a +0 falchion
  7607 | D:5      | Reached XP level 7. HP: 36/60 MP: 12/12
  7913 | D:5      | Found a staircase to the Ecumenical Temple.
  8001 | D:5      | Reached skill level 6 in Polearms
  8057 | D:5      | Found a runed translucent gate.
  8058 | D:5      | Found a runed translucent gate.
  8144 | D:5      | Found a runed translucent gate.
  8146 | D:5      | Noticed lordive's ghost (novice TrHu)
  8740 | D:5      | Reached skill level 5 in Fighting
  9340 | D:6      | Reached skill level 7 in Polearms
  9711 | D:6      | Reached XP level 8. HP: 64/69 MP: 13/13
 10142 | D:1      | Bought a brightly glowing spear for 192 gold pieces
 10142 | D:1      | Identified the +5 spear of the Mind {speed, *Slow rPois rC+
                  | Dex+2} (You bought it in a shop on level 1 of the Dungeon)
 10580 | D:6      | Reached skill level 8 in Polearms
 12045 | D:7      | Reached skill level 9 in Polearms
 12045 | D:7      | Reached XP level 9. HP: 78/78 MP: 14/14
 12604 | D:9      | HP: 2/78 [yak (8)]
 12609 | D:9      | Slain by a yak

Illustrated notes

Levels and vault maps discovered:
D:1:      heliophobic_arrival_henge, layout_loops_ring,
          shapermc_ecumenical_altar_venn, serial_shops,
          nicolae_shop_statue_plus, serial_bayou_lagoon_b
D:2:      layout_rooms, basic_altar, minmay_misc_feat_encased
D:3:      layout_basic, zin_scriptorium, kennysheep_generic_room_14,
          uniq_terence
D:4:      layout_basic, bloody_makhleb, tso_metal_star,
          mainiacjoe_overflow_paths, skrybe_limestone_x, grunt_ministairs_3,
          minmay_misc_feat_iff
D:5:      layout_layer_cave, nicolae_uskayaw_en_pointe,
          mainiacjoe_overflow_catwalk_spiral, general_overflow_altar,
          minmay_temple_entry_poolview, gammafunk_ghost_nasty_kobolds
D:6:      layout_loops_ring, marbit_many_paths,
          beargit_hepliaklqana_dungeon_heroes,
          lemuel_mausoleum_altar_kikubaaqudgha, corexii_item_surrounded_by_moat
D:7:      layout_loops_ring, nicolae_concentric_dashed_squares_mild
D:8:      layout_loops_corners
D:9:      layout_roguey

Skill      XL: |  1  2  3  4  5  6  7  8 |
---------------+-------------------------+-----
Polearms       | 2 3 4 5 7 9 |  9.2
Fighting       | 2 4 5 6 |  6.9
Dodging        | 3 |  3.7
Throwing       | |  0.8
Armour         | |  0.8
Spellcasting   | |  1.7
Translocations | |  2.6

Action                   |  1- 3 |  4- 6 |  7- 9 || total
-------------------------+-------+-------+-------++-------
Melee: Spear             |   206 |   149 |       ||   355
       Trident           |    10 |    99 |   276 ||   385
       Punch             |     1 |     5 |     8 ||    14
       Dagger            |       |       |    38 ||    38
 Fire: Hunting sling     |     1 |    13 |       ||    14
       Shortbow          |       |     5 |    45 ||    50
Throw: Boomerang         |     8 |    33 |    10 ||    51
       Javelin           |       |       |     2 ||     2
 Cast: Blink             |       |     6 |     5 ||    11
       Teleport Other    |       |     1 |       ||     1
Evoke: Wand              |       |     4 |     3 ||     7
  Use: Potion            |     1 |       |     2 ||     3
       Scroll            |       |       |     1 ||     1
 Stab: Paralysed         |       |     5 |     3 ||     8
Armor: Leather armour    |     5 |       |       ||     5
       Ring mail         |    35 |       |       ||    35
       Scale mail        |     5 |    97 |    84 ||   186
Dodge: Dodged            |    86 |   104 |    95 ||   285
Block: Other             |       |       |     9 ||     9

Table legend: (Time is in decaauts)
 A = Elapsed time spent in this place.
 B = Non-inter-level travel time spent in this place.
 C = Inter-level travel time spent in this place.
 D = Time resting spent in this place.
 E = Time spent auto-exploring this place.
 F = Levels seen in this place.
 G = Mean time per level.
                   A        B        C        D        E       F      G
               +--------+--------+--------+--------+--------+-----+--------+
         Total |  12569 |  11777 |    792 |   3292 |   5754 |   9 | 1396.6 |
       Dungeon |  12569 |  11777 |    792 |   3292 |   5754 |   9 | 1396.6 |
               +--------+--------+--------+--------+--------+-----+--------+

Top non-repeatable levels by time:
     D:4: 2580 daAuts
     D:6: 2344 daAuts
     D:5: 2195 daAuts
     D:3: 1486 daAuts
     D:2: 1479 daAuts
     D:1: 1424 daAuts
     D:7: 895 daAuts
     D:8: 150 daAuts
     D:9: 10 daAuts
